 Dungeon Crawl Stone Soup version 0.22-a0-271-gc000056 (webtiles) character file.

108 tidbits the Ducker (level 4, 19/41 HPs)
             Began as a Gnoll Monk on Mar 11, 2018.
             Was a Believer of the Shining One.
             Quit the game on level 3 of the Dungeon.
             The game lasted 00:04:23 (536 turns).

tidbits the Ducker (Gnoll Monk)                      Turns: 536, Time: 00:04:24

Health: 19/41      AC:  2    Str: 13      XL:     4   Next: 87%
Magic:  5/5        EV: 16    Int: 11 (14) God:    the Shining One [**....]
Gold:   70         SH:  0    Dex: 14 (17) Spells: 5/5 levels left

rFire    . . .     SeeInvis .   a - +0 short sword
rCold    . . .     Gourm    .   (no shield)
rNeg     + . .     Faith    .   b - +0 robe
rPois    .         Spirit   .   (no helmet)
rElec    .         Reflect  .   (no cloak)
rCorr    .         Harm     .   (no gloves)
MR       .....                  (no boots)
Stlth    +.........             (no amulet)
HPRegen  0.13/turn              (no ring)
MPRegen  0.09/turn              (no ring)

@: glowing
A: distributed training, fangs 1, strong nose
a: Divine Shield, Renounce Religion


You were on level 3 of the Dungeon.
You worshipped the Shining One.
The Shining One was pleased with you.
You were not hungry.

You visited 1 branch of the dungeon, and saw 4 of its levels.

You collected 70 gold pieces.

Inventory:

Hand Weapons
 a - a +0 short sword (weapon)
 d - a +0 dagger
Missiles
 g - 4 stones (quivered)
Armour
 b - a +0 robe (worn)
Scrolls
 e - a scroll of enchant weapon
 f - 2 scrolls of fear
 h - a scroll of immolation
 i - a scroll of identify
Comestibles
 c - 2 rations


   Skills:
 + Level 6.6 Fighting
 + Level 6.6 Short Blades
 + Level 1.2 Long Blades
 + Level 1.2 Axes
 + Level 1.2 Maces & Flails
 + Level 1.2 Polearms
 + Level 1.2 Staves
 + Level 1.2 Slings
 + Level 1.2 Bows
 + Level 1.2 Crossbows
 + Level 1.2 Throwing
 + Level 1.2 Armour
 + Level 6.6 Dodging
 + Level 4.3 Stealth
 + Level 1.2 Shields
 + Level 1.2 Unarmed Combat
 + Level 1.2 Spellcasting
 + Level 1.0 Conjurations
 + Level 1.0 Hexes
 + Level 1.0 Charms
 + Level 1.0 Summonings
 + Level 1.0 Necromancy
 + Level 1.0 Translocations
 + Level 1.0 Transmutations
 + Level 1.0 Fire Magic
 + Level 1.0 Ice Magic
 + Level 1.0 Air Magic
 + Level 1.0 Earth Magic
 + Level 1.0 Poison Magic
 + Level 1.3 Invocations
 + Level 1.2 Evocations


You had 5 spell levels left.
You didn't know any spells.

Dungeon Overview and Level Annotations

Branches:
Dungeon (4/15)
 Temple: D:4-7

Altars:
Wu Jian
The Shining One

Annotations:
D:2 Robin


Innate Abilities, Weirdness & Mutations

Your experience applies equally to all skills.
You have very sharp teeth.
Your uncanny sense of smell can sniff out nearby items.


Message History

The helpless kobold fails to defend itself.
You spit the kobold like a pig!!!
You kill the kobold!
You see here a ration.
c - 2 rations (gained 1)
Things that are here:
a short sword; 2 stones
Found 3 scrolls labeled KUCAR UPPAPHATA.
Found a stone staircase leading down.
You see here 3 scrolls labeled KUCAR UPPAPHATA.
i - 3 scrolls labeled KUCAR UPPAPHATA
As you read the scroll labeled KUCAR UPPAPHATA, it crumbles to dust.
It is a scroll of identify.
f - a scroll of fear
As you read the scroll of identify, it crumbles to dust.
e - a scroll of enchant weapon
There is a stone staircase leading down here.
You climb downwards.
You hear the hiss of flowing sand.
There is an entrance to an ossuary on this level.
Hurry and find it before the portal is buried!
You hear the slow hiss of a very distant avalanche of sand.
Found 18 gold pieces.
Found a stone staircase leading down.
There is a stone staircase leading up here.
You see here 18 gold pieces.
You now have 70 gold pieces (gained 18).
A worker ant comes into view.
Found a scroll of fear.
Found a leather armour.
The helpless worker ant fails to defend itself.
You impale the worker ant!!
You kill the worker ant!
You feel your strength returning.
Your Conjurations skill increases to level 1!
Your Hexes skill increases to level 1!
Your Charms skill increases to level 1!
Your Summonings skill increases to level 1!
Your Necromancy skill increases to level 1!
Your Translocations skill increases to level 1!
Your Transmutations skill increases to level 1!
Your Fire Magic skill increases to level 1!
Your Ice Magic skill increases to level 1!
Your Air Magic skill increases to level 1!
Your Earth Magic skill increases to level 1!
Your Poison Magic skill increases to level 1!
Found a stone staircase leading up.
You see here a scroll of fear.
f - 2 scrolls of fear (gained 1)
There is a stone staircase leading up here.
You climb upwards.
A kobold comes into view.
Found a leather armour.
Found a stone staircase leading up.
There is a stone staircase leading down here.
The helpless kobold fails to defend itself.
You impale the kobold!!
You kill the kobold!
You see here a kobold corpse.
Found a scroll labeled LANKUSH CIST.
Found a faded altar of an unknown god.
Unknown command.
A worm comes into view.
You enter the shallow water.
Moving in this stuff is going to be slow.
Found a coppery potion.
Found a scroll of identify.
You hit the worm. You bite the worm, but do no damage.
The worm is lightly wounded.
You aren't carrying any items that you can evoke.
Unknown command.
You aren't carrying any potions.
Unknown command.
You hit the worm. You bite the worm.
The worm is heavily wounded.
The worm misses you.
You hit the worm but do no damage.
The worm is heavily wounded.
You hit the worm.
The worm is heavily wounded.
The worm misses you.
You hit the worm.
The worm is severely wounded.
You hit the worm.
The worm is almost dead.
The worm barely misses you.
You hit the worm.
The worm is almost dead.
You hit the worm but do no damage.
The worm is almost dead.
You hit the worm.
You kill the worm!
There is a faded altar of an unknown god here.
You cannot tell which god this altar belongs to.
Convert to them anyway?
The Shining One accepts your prayer! The Shining One welcomes you!
You and your allies can gain power from killing the unholy and evil.
You can now call upon the Shining One for a divine shield.
Are you sure you want to abandon this character and quit the game? (Confirm with "yes".)
Okay, then.
Unknown command.
Press < or > to pray at altars.
Are you sure you want to abandon this character and quit the game? (Confirm with "yes".)

###############
#.≈....≈..≈...#
#..≈..?≈.≈....#
#.≈≈≈≈≈≈≈≈≈≈..#
#..≈≈≈≈≈≈≈≈≈≈.#
#..≈≈≈≈≈≈≈≈≈.≈#
#..≈≈≈..≈≈≈≈≈.#
#≈.≈≈≈.@≈≈≈≈..#
##≈.≈≈≈≈♣.≈≈≈≈≈# ∆
###...≈≈≈≈≈≈≈≈≈≈.#
#>†.≈.≈≈≈≈≈≈≈≈≈≈≈#
#.....≈≈≈≈≈≈≈≈≈≈≈.≈#
#.<..[.##.≈....≈≈≈....#
...#######≈.≈.....≈.!≈..
#. #######.#...?.. .#


There were no monsters in sight!

Vanquished Creatures
  An orc wizard (D:4)
  A worker ant (D:4)
  2 adders (D:3)
  A worm (D:3)
  3 dart slugs
  3 orcs (D:4)
  5 goblins
  2 hobgoblins (D:1)
  A frilled lizard (D:3)
  8 kobolds
  2 rats
29 creatures vanquished.

Notes
Turn   | Place    | Note
-------+----------+-------------------------------------------
     0 | D:1      | tidbits the Gnoll Monk began the quest for the Orb.
     0 | D:1      | Reached XP level 1. HP: 23/23 MP: 1/1
    63 | D:1      | Reached XP level 2. HP: 12/29 MP: 2/2
   300 | D:2      | Noticed Robin
   344 | D:4      | Found an ornate altar of the Wu Jian Council.
   358 | D:4      | Reached skill level 1 in Invocations
   358 | D:4      | Reached XP level 3. HP: 35/35 MP: 2/4
   361 | D:4      | Reached skill level 1 in Long Blades
   361 | D:4      | Reached skill level 1 in Axes
   361 | D:4      | Reached skill level 1 in Maces & Flails
   361 | D:4      | Reached skill level 1 in Polearms
   361 | D:4      | Reached skill level 1 in Staves
   361 | D:4      | Reached skill level 1 in Slings
   361 | D:4      | Reached skill level 1 in Bows
   361 | D:4      | Reached skill level 1 in Crossbows
   361 | D:4      | Reached skill level 1 in Throwing
   361 | D:4      | Reached skill level 1 in Armour
   361 | D:4      | Reached skill level 1 in Shields
   361 | D:4      | Reached skill level 1 in Unarmed Combat
   361 | D:4      | Reached skill level 1 in Spellcasting
   361 | D:4      | Reached skill level 1 in Evocations
   407 | D:3      | Reached XP level 4. HP: 40/41 MP: 5/5
   504 | D:4      | Reached skill level 1 in Conjurations
   504 | D:4      | Reached skill level 1 in Hexes
   504 | D:4      | Reached skill level 1 in Charms
   504 | D:4      | Reached skill level 1 in Summonings
   504 | D:4      | Reached skill level 1 in Necromancy
   504 | D:4      | Reached skill level 1 in Translocations
   504 | D:4      | Reached skill level 1 in Transmutations
   504 | D:4      | Reached skill level 1 in Fire Magic
   504 | D:4      | Reached skill level 1 in Ice Magic
   504 | D:4      | Reached skill level 1 in Air Magic
   504 | D:4      | Reached skill level 1 in Earth Magic
   504 | D:4      | Reached skill level 1 in Poison Magic
   518 | D:3      | Found a faded altar of an unknown god.
   535 | D:3      | Became a worshipper of the Shining One
   535 | D:3      | Reached * piety under the Shining One
   535 | D:3      | Reached ** piety under the Shining One
   536 | D:3      | Quit the game

Vault maps used:
D:1:      onia_arrival_pyramid
D:2:      okawaru_gym_becter, uniq_robin, uniq_natasha, uniq_sigmund
D:3:      chequers_ecumenical_altar_island, first_ration
D:4:      overflow_temple_1_default, enter_ossuary_3

Skill      XL: |  1  2  3  4 |
---------------+-------------+-----
Invocations    | 1 |  1.3
Long Blades    | 1 |  1.2
Axes           | 1 |  1.2
Maces & Flails | 1 |  1.2
Polearms       | 1 |  1.2
Staves         | 1 |  1.2
Slings         | 1 |  1.2
Bows           | 1 |  1.2
Crossbows      | 1 |  1.2
Throwing       | 1 |  1.2
Armour         | 1 |  1.2
Shields        | 1 |  1.2
Unarmed Combat | 1 |  1.2
Spellcasting   | 1 |  1.2
Evocations     | 1 |  1.2
Conjurations   | 1 |  1.0
Hexes          | 1 |  1.0
Charms         | 1 |  1.0
Summonings     | 1 |  1.0
Necromancy     | 1 |  1.0
Translocations | 1 |  1.0
Transmutations | 1 |  1.0
Fire Magic     | 1 |  1.0
Ice Magic      | 1 |  1.0
Air Magic      | 1 |  1.0
Earth Magic    | 1 |  1.0
Poison Magic   | 1 |  1.0
Fighting       | |  6.6
Short Blades   | |  6.6
Dodging        | |  6.6
Stealth        | |  4.3

Action                   |  1- 3 |  4- 6 || total
-------------------------+-------+-------++-------
Melee: Short sword       |    45 |    44 ||    89
       Bite              |     6 |     8 ||    14
       Dagger            |     1 |       ||     1
  Use: Potion            |     2 |     1 ||     3
       Scroll            |       |     4 ||     4
 Stab: Sleeping          |     3 |     4 ||     7
       Distracted        |     1 |       ||     1
Armor: Robe              |     6 |     1 ||     7
Dodge: Dodged            |    13 |    21 ||    34

Table legend:
 A = Spawn XP
 B = Non-spawn XP
 C = Spawn XP percentage of total XP
 D = Spawn monster count
 E = Non-spawn monster count
 F = Spawn count percentage of total count
 G = Total turns spent on level
                    A         B        C        D         E        F      G
               +---------+---------+-------+---------+---------+-------+---------
         Total |       0 |     155 |   0.0 |       0 |      29 |   0.0 |   536
               +---------+---------+-------+---------+---------+-------+---------
           D:1 |       0 |      14 |   0.0 |       0 |       8 |   0.0 |   231
           D:2 |       0 |      13 |   0.0 |       0 |       5 |   0.0 |    69
           D:3 |       0 |      47 |   0.0 |       0 |      11 |   0.0 |   172
           D:4 |       0 |      81 |   0.0 |       0 |       5 |   0.0 |    64
               +---------+---------+-------+---------+---------+-------+---------

Table legend:
 A = Turns spent in this place as a percentage of turns spent in the entire game.
 B = Non-inter-level travel turns spent in this place as a percentage of non-inter-level travel turns spent in the entire game.
 C = Inter-level travel turns spent in this place as a percentage of turns spent in this place.
 D = Turns resting spent in this place as a percentage of non-inter-level travel turns spent in this place.
 E = Turns spent auto-exploring this place as a percentage of non-inter-level travel turns spent in this place.
 F = Non-inter-level travel turns spent in this place divided by the number of levels of this place that you've seen.
                   A       B       C       D       E      F
               +-------+-------+-------+-------+-------+----------------------
         Total | 100.0 | 100.0 |   0.0 |   0.0 |   0.0 | 134.0
       Dungeon | 100.0 | 100.0 |   0.0 |   0.0 |   0.0 | 134.0
               +-------+-------+-------+-------+-------+----------------------

Table legend:
 A = Kills in this place as a percentage of kills in entire the game.
 B = Kills by you in this place as a percentage of kills by you in the entire game.
 C = Kills by friends in this place as a percentage of kills by friends in the entire game.
 D = Other kills in this place as a percentage of other kills in the entire game.
 E = Experience gained in this place as a percentage of experience gained in the entire game.
 F = Experience gained in this place divided by the number of levels of this place that you have seen.
                   A       B       C       D       E      F
               +-------+-------+-------+-------+-------+----------------------
         Total | 100.0 | 100.0 |   N/A |   N/A | 100.0 |  38.8
       Dungeon | 100.0 | 100.0 |   N/A |   N/A | 100.0 |  38.8
               +-------+-------+-------+-------+-------+----------------------

Vault maps used:
D:1:      onia_arrival_pyramid
D:2:      okawaru_gym_becter, uniq_robin, uniq_natasha, uniq_sigmund
D:3:      chequers_ecumenical_altar_island, first_ration
D:4:      overflow_temple_1_default, enter_ossuary_3
